TOP OF THE 1ST |
Fresno Grizzlies batting - Pitching for Nashville Sounds : RHP Chad Pfeiffer
|
Pitching: RHP Chad Pfeiffer
|
|
Batting: LHB Bob Myers
|
0-0: Ball 1-0: Foul Ball, location: 2F 1-1: Ball 2-1: Swinging Strike 2-2: Foul Ball, location: 2F 2-2: Foul Ball, location: 2F 2-2: Strikes out swinging
|
Batting: LHB Mike Davis
|
0-0: Called Strike 0-1: Foul Ball, location: 2F 0-2: Ball 1-2: Foul Ball, location: 2F 1-2: Ball 2-2: Foul Ball, location: 2F 2-2: Ground out 4-3 (Groundball, 4, EV 99.4 MPH)
|
Batting: SHB Nate Kopchak
|
0-0: Ball 1-0: Ball 2-0: Foul Ball, location: 2F 2-1: Ball 3-1: Foul Ball, location: 2F 3-2: Strikes out swinging
|
Top of the 1st over - 0 runs, 0 hits, 0 errors, 0 left on base; Fresno 0 - Nashville 0 |
BOTTOM OF THE 1ST |
Nashville Sounds batting - Pitching for Fresno Grizzlies : RHP Mike Chisolm
|
Pitching: RHP Mike Chisolm
|
|
Batting: RHB Jeff Garofalo
|
0-0: Fly out, F9 (Flyball, 89M, EV 91.9 MPH)
|
Batting: SHB Quincy Bradford
|
0-0: Called Strike 0-1: Ball 1-1: Fly out, F8 (Flyball, 8LM, EV 93.1 MPH)
|
Batting: LHB Isto Mäyrä
|
0-0: Called Strike 0-1: Ball 1-1: Fly out, F6 (Flyball, 6D, EV 80.6 MPH)
|
Bottom of the 1st over - 0 runs, 0 hits, 0 errors, 0 left on base; Fresno 0 - Nashville 0 |
TOP OF THE 2ND |
Fresno Grizzlies batting - Pitching for Nashville Sounds : RHP Chad Pfeiffer
|
Batting: SHB Troy Kenyon
|
0-0: Foul Ball, location: 2F 0-1: Called Strike 0-2: Strikes out looking
|
Batting: LHB Chris Cabrera
|
0-0: Foul Ball, location: 2F 0-1: Ball 1-1: Ball 2-1: Foul Ball, location: 2F 2-2: Fly out, F9 (Flyball, 9D, EV 100.0 MPH)
|
Batting: LHB Doug Anderson
|
0-0: DOUBLE (Groundball, 3L, EV 109.4 MPH)
|
Batting: LHB Daniel Lopez
|
0-0: Fly out, F7 (Flyball, 78S, EV 87.5 MPH)
|
Top of the 2nd over - 0 runs, 1 hit, 0 errors, 1 left on base; Fresno 0 - Nashville 0 |
BOTTOM OF THE 2ND |
Nashville Sounds batting - Pitching for Fresno Grizzlies : RHP Mike Chisolm
|
Batting: RHB Alan Oxenrider
|
0-0: Foul Ball, location: 2F 0-1: Ball 1-1: Ball 2-1: Ground out 2-3 (Groundball, 13S, EV 66.9 MPH)
|
Batting: LHB Mike Garland
|
0-0: Called Strike 0-1: Foul Ball, location: 2F 0-2: Foul Ball, location: 2F 0-2: Hit by Pitch
|
Batting: SHB Gregg Whitecotton
|
0-0: Swinging Strike Passed Ball! Mike Garland to second 0-1: SINGLE (Groundball, 25, EV 70.6 MPH) (infield hit) Mike Garland to third
|
Batting: LHB Paul Perry
|
0-0: Ball 1-0: Foul Ball, location: 2F 1-1: Ball 2-1: Fielders Choice at 2nd, 5-4 (Groundball, 5, EV 99.4 MPH) Mike Garland scores
|
Batting: RHB Colin Boddy
|
0-0: Called Strike Paul Perry steals 2nd base 0-1: Called Strike 0-2: Ball 1-2: Ball 2-2: Strikes out swinging
|
Bottom of the 2nd over - 1 run, 1 hit, 0 errors, 1 left on base; Fresno 0 - Nashville 1 |
TOP OF THE 3RD |
Fresno Grizzlies batting - Pitching for Nashville Sounds : RHP Chad Pfeiffer
|
Batting: LHB Vinny Siebecker
|
0-0: Fly out, F5 (Popup, 56S, EV 85.0 MPH)
|
Batting: RHB Raul Sanchez
|
0-0: Ground out 5-3 (Groundball, 56, EV 83.1 MPH)
|
Batting: LHB Bob Myers
|
0-0: Called Strike 0-1: Ball 1-1: Ball 2-1: Swinging Strike 2-2: Strikes out swinging
|
Top of the 3rd over - 0 runs, 0 hits, 0 errors, 0 left on base; Fresno 0 - Nashville 1 |
BOTTOM OF THE 3RD |
Nashville Sounds batting - Pitching for Fresno Grizzlies : RHP Mike Chisolm
|
Batting: RHB Mike Cervino
|
0-0: Ball 1-0: Called Strike 1-1: Swinging Strike 1-2: Ball 2-2: Strikes out swinging
|
Batting: RHB Jeff Garofalo
|
0-0: Called Strike 0-1: Ball 1-1: Ball 2-1: Called Strike 2-2: Foul Ball, location: 2F 2-2: SINGLE (Flyball, 8RM, EV 81.2 MPH)
|
Batting: SHB Quincy Bradford
|
0-0: Ball 1-0: Fly out, F7 (Flyball, 7, EV 91.9 MPH)
|
Batting: LHB Isto Mäyrä
|
0-0: Called Strike 0-1: Ball 1-1: Ball 2-1: SINGLE (Groundball, 25, EV 68.8 MPH) (infield hit) Jeff Garofalo to second
|
Batting: RHB Alan Oxenrider
|
0-0: Foul Ball, location: 2F 0-1: Called Strike 0-2: Strikes out looking
|
Bottom of the 3rd over - 0 runs, 2 hits, 0 errors, 2 left on base; Fresno 0 - Nashville 1 |
TOP OF THE 4TH |
Fresno Grizzlies batting - Pitching for Nashville Sounds : RHP Chad Pfeiffer
|
Batting: LHB Mike Davis
|
0-0: Ball 1-0: Ball 2-0: Swinging Strike 2-1: Foul Ball, location: 2F 2-2: Foul Ball, location: 2F 2-2: Ball 3-2: Strikes out looking
|
Batting: SHB Nate Kopchak
|
0-0: SINGLE (Groundball, 34D, EV 98.8 MPH)
|
Batting: SHB Troy Kenyon
|
0-0: Swinging Strike 0-1: Ball 1-1: Ball 2-1: Fly out, F1 (Line Drive, P, EV 65.6 MPH)
|
Batting: LHB Chris Cabrera
|
0-0: Swinging Strike 0-1: Swinging Strike 0-2: Ball 1-2: Strikes out looking
|
Top of the 4th over - 0 runs, 1 hit, 0 errors, 1 left on base; Fresno 0 - Nashville 1 |
BOTTOM OF THE 4TH |
Nashville Sounds batting - Pitching for Fresno Grizzlies : RHP Mike Chisolm
|
Batting: LHB Mike Garland
|
0-0: Ground out 4-3 (Groundball, 4, EV 85.0 MPH)
|
Batting: SHB Gregg Whitecotton
|
0-0: Ball 1-0: Ball 2-0: Foul Ball, location: 2F 2-1: Ball 3-1: Ground out U3 (Groundball, 3, EV 98.8 MPH)
|
Batting: LHB Paul Perry
|
0-0: Ball 1-0: Foul Ball, location: 2F 1-1: Foul Ball, location: 2F 1-2: Ball 2-2: Ball 3-2: Fly out, F4 (Popup, 34D, EV 41.2 MPH)
|
Bottom of the 4th over - 0 runs, 0 hits, 0 errors, 0 left on base; Fresno 0 - Nashville 1 |
TOP OF THE 5TH |
Fresno Grizzlies batting - Pitching for Nashville Sounds : RHP Chad Pfeiffer
|
Batting: LHB Doug Anderson
|
0-0: Ball 1-0: Ground out U3 (Groundball, 3, EV 83.1 MPH)
|
Batting: LHB Daniel Lopez
|
0-0: Ground out 6-3 (Groundball, 6M, EV 86.9 MPH)
|
Batting: LHB Vinny Siebecker
|
0-0: Called Strike 0-1: Ball 1-1: SINGLE (Groundball, P, EV 91.9 MPH) (infield hit)
|
Batting: RHB Raul Sanchez
|
0-0: Ball 1-0: Foul Ball, location: 2F 1-1: SINGLE (Groundball, P, EV 89.4 MPH) (infield hit) Vinny Siebecker to second
|
Batting: LHB Bob Myers
|
0-0: Called Strike 0-1: Called Strike 0-2: Ball 1-2: Ball 2-2: Strikes out swinging
|
Top of the 5th over - 0 runs, 2 hits, 0 errors, 2 left on base; Fresno 0 - Nashville 1 |
BOTTOM OF THE 5TH |
Nashville Sounds batting - Pitching for Fresno Grizzlies : RHP Mike Chisolm
|
Batting: RHB Colin Boddy
|
0-0: Ball 1-0: Swinging Strike 1-1: Foul Ball, location: 2F 1-2: Strikes out swinging
|
Batting: RHB Mike Cervino
|
0-0: Ground out 1-3 (Groundball, 13, EV 74.4 MPH)
|
Batting: RHB Jeff Garofalo
|
0-0: Foul Ball, location: 2F 0-1: Foul Ball, location: 2F 0-2: DOUBLE (Flyball, 89D, EV 89.4 MPH)
|
Batting: SHB Quincy Bradford
|
0-0: Called Strike 0-1: SINGLE (Flyball, 3D, EV 85.0 MPH) Jeff Garofalo to third Runner from 3rd tries for Home, SAFE, throw by RF to home
|
Batting: LHB Isto Mäyrä
|
0-0: Ball Quincy Bradford steals 2nd base 1-0: Ball 2-0: Foul Ball, location: 2F 2-1: Foul Ball, location: 2F 2-2: Ball 3-2: Ground out 1-3 (Groundball, 34S, EV 71.9 MPH)
|
Bottom of the 5th over - 1 run, 2 hits, 0 errors, 1 left on base; Fresno 0 - Nashville 2 |
TOP OF THE 6TH |
Fresno Grizzlies batting - Pitching for Nashville Sounds : RHP Chad Pfeiffer
|
Batting: LHB Mike Davis
|
0-0: Swinging Strike 0-1: Called Strike 0-2: Ball 1-2: Ball 2-2: Strikes out swinging
|
Batting: SHB Nate Kopchak
|
0-0: Fly out, F8 (Flyball, 78XD, EV 106.2 MPH)
|
Batting: SHB Troy Kenyon
|
0-0: Called Strike 0-1: Ball 1-1: Foul Ball, location: 2F 1-2: Ground out 4-3 (Groundball, 4, EV 106.2 MPH)
|
Top of the 6th over - 0 runs, 0 hits, 0 errors, 0 left on base; Fresno 0 - Nashville 2 |
BOTTOM OF THE 6TH |
Nashville Sounds batting - Pitching for Fresno Grizzlies : RHP Mike Chisolm
|
Batting: RHB Alan Oxenrider
|
0-0: Ball 1-0: Called Strike 1-1: SINGLE (Groundball, P, EV 88.8 MPH) (infield hit)
|
Batting: LHB Mike Garland
|
0-0: Ball 1-0: Called Strike 1-1: Foul Ball, location: 2F 1-2: Foul Ball, location: 2F 1-2: Foul Ball, location: 2F 1-2: Ball 2-2: Foul Ball, location: 2F 2-2: Foul Ball, location: 2F 2-2: Reached on error, E5 (Groundball, 56, EV 81.9 MPH) Alan Oxenrider to second
|
Batting: SHB Gregg Whitecotton
|
0-0: Ball 1-0: Ball 2-0: Called Strike 2-1: Fielders Choice at 2nd, 5-4 (Groundball, 56, EV 85.6 MPH) Alan Oxenrider to third
|
Batting: LHB Paul Perry
|
0-0: Fielders Choice at 2nd, 5-4 (Groundball, 5, EV 103.1 MPH) Alan Oxenrider scores
|
Batting: RHB Colin Boddy
|
0-0: Ball Paul Perry steals 2nd base 1-0: Called Strike 1-1: Swinging Strike 1-2: Fly out, F6 (Line Drive, 6, EV 71.2 MPH)
|
Bottom of the 6th over - 1 run, 1 hit, 1 error, 1 left on base; Fresno 0 - Nashville 3 |
TOP OF THE 7TH |
Fresno Grizzlies batting - Pitching for Nashville Sounds : RHP Chad Pfeiffer
|
Batting: LHB Chris Cabrera
|
0-0: Foul Ball, location: 2F 0-1: Called Strike 0-2: Ball 1-2: SINGLE (Line Drive, 5D, EV 108.8 MPH)
|
Batting: LHB Doug Anderson
|
0-0: Swinging Strike 0-1: Ball 1-1: Called Strike 1-2: Foul Ball, location: 2F 1-2: Ball 2-2: Strikes out swinging
|
Batting: LHB Daniel Lopez
|
0-0: Fielders Choice at 2nd, 6-4 (Groundball, 6MD, EV 80.0 MPH)
|
Batting: LHB Vinny Siebecker
|
0-0: Ball 1-0: Ball 2-0: Swinging Strike 2-1: Fly out, F8 (Flyball, BS6, EV 105.0 MPH)
|
Top of the 7th over - 0 runs, 1 hit, 0 errors, 1 left on base; Fresno 0 - Nashville 3 |
BOTTOM OF THE 7TH |
Nashville Sounds batting - Pitching for Fresno Grizzlies : RHP Mike Chisolm
|
Pitching: RHP Shane Walker
|
|
Batting: RHB Mike Cervino
|
0-0: Ball 1-0: Ball 2-0: Ball 3-0: Base on Balls
|
Batting: RHB Jeff Garofalo
|
0-0: Bunted foul 0-1: Bunted foul 0-2: TRIPLE (Line Drive, 8LD, EV 90.6 MPH) Mike Cervino scores
|
Batting: SHB Quincy Bradford
|
0-0: Ball 1-0: Ground out 4-3 (Groundball, 4, EV 84.4 MPH) Jeff Garofalo scores
|
Batting: LHB Isto Mäyrä
|
0-0: Ball 1-0: Foul Ball, location: 2F 1-1: Ball 2-1: Swinging Strike 2-2: Ball 3-2: Foul Ball, location: 2F 3-2: Base on Balls
|
Batting: RHB Alan Oxenrider
|
0-0: Ball 1-0: Swinging Strike 1-1: Ball 2-1: Foul Ball, location: 2F 2-2: Ball 3-2: Fielders Choice at 2nd, 4-6 (Groundball, 4, EV 84.4 MPH)
|
Batting: LHB Mike Garland
|
0-0: Swinging Strike 0-1: SINGLE (Groundball, 34, EV 98.1 MPH) Alan Oxenrider to second Runner from 2nd tries for 3rd, SAFE, throw by RF made to third
|
Batting: SHB Gregg Whitecotton
|
0-0: Fly out, F8 (Line Drive, 8RD, EV 87.5 MPH)
|
Bottom of the 7th over - 2 runs, 2 hits, 0 errors, 2 left on base; Fresno 0 - Nashville 5 |
TOP OF THE 8TH |
Fresno Grizzlies batting - Pitching for Nashville Sounds : RHP Chad Pfeiffer
|
Batting: RHB Raul Sanchez
|
0-0: Ball 1-0: Foul Ball, location: 2F 1-1: Foul Ball, location: 2F 1-2: Ball 2-2: Strikes out swinging
|
Batting: LHB Bob Myers
|
0-0: Foul Ball, location: 2F 0-1: Ball 1-1: Foul Ball, location: 2F 1-2: SINGLE (Groundball, 3D, EV 105.6 MPH)
|
Batting: LHB Mike Davis
|
Pickoff Throw to First - Out! 1-3 0-0: Called Strike 0-1: Foul Ball, location: 2F 0-2: Ball 1-2: Ball 2-2: Strikes out swinging
|
Top of the 8th over - 0 runs, 1 hit, 0 errors, 0 left on base; Fresno 0 - Nashville 5 |
BOTTOM OF THE 8TH |
Nashville Sounds batting - Pitching for Fresno Grizzlies : RHP Shane Walker
|
Batting: LHB Paul Perry
|
0-0: Called Strike 0-1: Ball 1-1: Ball 2-1: Foul Ball, location: 2F 2-2: SINGLE (Groundball, 34D, EV 98.1 MPH) (infield hit)
|
Batting: RHB Colin Boddy
|
0-0: Ball 1-0: Called Strike 1-1: Foul Ball, location: 2F 1-2: Foul Ball, location: 2F 1-2: Foul Ball, location: 2F 1-2: Foul Ball, location: 2F 1-2: Ball 2-2: DOUBLE (Groundball, 5L, EV 97.5 MPH) Paul Perry to third
|
Batting: RHB Mike Cervino
|
0-0: Swinging Strike 0-1: Foul Ball, location: 2F 0-2: Ball 1-2: Foul Ball, location: 2F 1-2: Reached on error, E5 (Line Drive, 5, EV 71.2 MPH) Paul Perry scores Colin Boddy to third
|
Batting: RHB Jeff Garofalo
|
0-0: Fly out, F9 (Flyball, 9S, EV 86.9 MPH)
|
Batting: SHB Quincy Bradford
|
0-0: Ball 1-0: Ball 2-0: Called Strike 2-1: Foul Ball, location: 2F 2-2: Foul Ball, location: 2F 2-2: Ball 3-2: SINGLE (Groundball, 56D, EV 104.4 MPH) Colin Boddy scores Mike Cervino to second
|
Pitching: RHP Tommy Cunningham
|
|
Batting: LHB Isto Mäyrä
|
0-0: Ball 1-0: Swinging Strike 1-1: Swinging Strike Passed Ball! Mike Cervino to third Quincy Bradford to second 1-2: Foul Ball, location: 2F 1-2: Fly out, F8 (Flyball, 8RD, EV 77.5 MPH) Runner from 3rd tags up, SCORES, throw by CF Quincy Bradford to third
|
Batting: RHB Alan Oxenrider
|
0-0: SINGLE (Groundball, 23, EV 86.2 MPH) (infield hit) Quincy Bradford scores
|
Batting: LHB Mike Garland
|
0-0: Foul Ball, location: 2F 0-1: DOUBLE (Groundball, 3L, EV 100.0 MPH) Alan Oxenrider to third
|
Batting: SHB Gregg Whitecotton
|
0-0: Swinging Strike 0-1: Ground out 6-3 (Groundball, 6, EV 96.9 MPH)
|
Bottom of the 8th over - 4 runs, 5 hits, 1 error, 2 left on base; Fresno 0 - Nashville 9 |
TOP OF THE 9TH |
Fresno Grizzlies batting - Pitching for Nashville Sounds : RHP Chad Pfeiffer
|
Batting: SHB Nate Kopchak
|
0-0: Ball 1-0: Foul Ball, location: 2F 1-1: Called Strike 1-2: Foul Ball, location: 2F 1-2: Ground out 6-3 (Groundball, 6M, EV 108.1 MPH)
|
Batting: SHB Troy Kenyon
|
0-0: Called Strike 0-1: Foul Ball, location: 2F 0-2: Ball 1-2: Foul Ball, location: 2F 1-2: Foul Ball, location: 2F 1-2: Hit by Pitch
|
Pitching: RHP Elijah Everett
|
|
Batting: LHB Chris Cabrera
|
0-0: Ball 1-0: Swinging Strike 1-1: Swinging Strike 1-2: Ball 2-2: Ball 3-2: Strikes out swinging
|
Batting: LHB Doug Anderson
|
0-0: Ball 1-0: Ball 2-0: Ball 3-0: Base on Balls Troy Kenyon to second
|
Batting: LHB Daniel Lopez
|
0-0: Ball 1-0: Fielders Choice at 2nd, 6-4 (Groundball, 6, EV 100.0 MPH)
|
Top of the 9th over - 0 runs, 0 hits, 0 errors, 2 left on base; Fresno 0 - Nashville 9 |
|